 Dungeon Crawl Stone Soup version 0.26-a0-771-g060e6a62af (webtiles) character file.

Game seed: 4634075631692345329

655 Bliebski the Insei (level 7, -7/45 HPs)
             Began as an Octopode Transmuter on Nov 8, 2020.
             Mangled by a yak (14 damage)
             ... on level 5 of the Dungeon.
             The game lasted 00:16:47 (6246 turns).

Bliebski the Insei (Octopode Transmuter)            Turns: 6246, Time: 00:16:48

Health: -7/45      AC:  2    Str: 10    XL:     7   Next: 54%
Magic:  5/11       EV: 22    Int: 15    God:
Gold:   246        SH:  0    Dex: 19    Spells: 5/12 levels left

rFire    . . .     SeeInvis .     - Unarmed
rCold    . . .     Faith    .   (shield currently unavailable)
rNeg     . . .     Spirit   .   (helmet currently unavailable)
rPois    x         Reflect  .   o - amulet of magic regeneration
rElec    .         Harm     .   t - ring of wizardry
rCorr    .         Rampage  .   (no ring)
MR       .....                  (no ring)
Stlth    ++........             (no ring)
HPRegen  0.15/turn              (no ring)
MPRegen  0.37/turn              (no ring)
                                (no ring)
                                (no ring)

@: spider-form (expiring), very slightly contaminated
A: tiny, almost no armour, stealthy swim, (amphibious), 8 rings, (constrict 8)
a: End Transformation


You were on level 5 of the Dungeon.
You were a venomous arachnid creature.
You visited 1 branch of the dungeon, and saw 6 of its levels.

You collected 246 gold pieces.

Inventory:

Hand Weapons
 g - a +0 long sword
Missiles
 j - 105 stones (quivered)
Armour
 r - a +0 tower shield
Magical Staves
 s - an uncursed staff of fire
Jewellery
 i - an uncursed ring of ice
 o - an amulet of magic regeneration (around neck)
 t - a ring of wizardry (left front leg)
Wands
 y - a wand of acid (9)
Scrolls
 a - 2 scrolls of teleportation {unknown}
 e - a scroll of immolation {unknown}
 f - 2 scrolls of enchant weapon {unknown}
 h - a scroll of identify
 l - 2 scrolls of fear {unknown}
 m - a scroll of blinking {unknown}
 n - 2 scrolls of remove curse {unknown}
 p - a scroll of noise {unknown}
 u - a scroll of torment {unknown}
 v - a scroll of random uselessness {unknown}
 w - a scroll of magic mapping {unknown}
Potions
 b - 2 potions of heal wounds
 c - a potion of flight
 d - 4 potions of curing
 k - a potion of invisibility {unknown}
 q - a potion of magic
 x - a potion of resistance {unknown}


   Skills:
 + Level 2.8 Fighting
 + Level 3.6 Dodging
 - Level 1.3 Stealth
 + Level 1.8 Shields
 + Level 4.6 Unarmed Combat
 + Level 3.2 Spellcasting
 * Level 2.5 Hexes
 + Level 3.7 Transmutations


You had 5 spell levels left.
You knew the following spells:

 Your Spells              Type           Power        Failure   Level
a - Beastly Appendage     Tmut           ##....       5%          1
b - Confusing Touch       Hex            ##......     17%         3
c - Spider Form           Tmut/Pois      #.........   22%         3

Your spell library contained the following spells:

 Spells                   Type           Power        Failure   Level
 Wereblood                Tmut           ##......     7%          2
 Gell's Gravitas          Tloc           #.........   38%         3
 Ice Form                 Ice/Tmut       #.......     52%         4
 Petrify                  Tmut/Erth      #.......     52%         4
 Blade Hands              Tmut           ##........   58%         5
 Yara's Violent Unravell  Hex/Tmut       ##........   65%         5
 Metabolic Englaciation   Hex/Ice        #.........   86%         5


Dungeon Overview and Level Annotations

Branches:
Dungeon (6/15)
 Temple: D:4-7

Altars:
Yredelemnul

Annotations:
D:4 Eustachio
D:6 exclusion: steam dragon


Innate Abilities, Weirdness & Mutations

You cannot wear most types of armour.
You are very stealthy in the water. (Stealth+)
((You are amphibious.))
You can wear up to eight rings at the same time.
((You can use your tentacles to constrict eight enemies at once.))
((Your skin changes colour to match your surroundings (Stealth+).))
((Your rubbery body absorbs attacks. (AC +1, EV +1)))


Message History

Confirm with . or Enter, or press ? or * to list all spells.
Your tentacles begin to glow red.
Casting: Confusing Touch (dangerous; 9% risk of failure)
Confirm with . or Enter, or press ? or * to list all spells.
You miscast Spider Form.
You are very lightly contaminated with residual magic.
Nothing appears to happen.
The yak gores you!
Casting: Spider Form (dangerous; 12% risk of failure)
Confirm with . or Enter, or press ? or * to list all spells.
You turn into a venomous arachnid creature.
The yak gores you!
* * * LOW HITPOINT WARNING * * *
You hit the yak but do no damage.
The yak is moderately wounded.
The yak completely misses you.
You hit the yak but do no damage.
The yak appears confused.
The yak is moderately wounded.
Your transformation is almost over.
The yak gores you!
You die...

#.....# ###...#.## #.## ###
#.....# #.#.#.#######.######
####### #...................
##...##..####.######
####.#......# #.# #
###.......###.# #.#
##########....###.<# #.###.#
...........#..####.###.##..###
#######....†...Ys..##........#
........###<#########........#
.########...# #........#
.######...### #........#
.>.........# #........#
##.........# #........#
#.........# #.(......#
#.........# #........#
########### ##########


You could see a yak (confused).

Vanquished Creatures
  A yak (D:5)
  2 bullfrogs (D:6)
  A jelly (D:5)
  3 orc wizards (D:4)
  2 orc priests
  An iguana (D:4)
  8 adders
  A shadow imp (D:6)
  2 oozes
  4 worms
  2 dart slugs
  2 leopard geckos
  10 orcs
  A giant cockroach (D:3)
  2 gnoll zombies (D:4)
  6 goblins
  9 hobgoblins
  11 jackals
  A quokka (D:4)
  2 ball pythons (D:1)
  5 bats
  4 frilled lizards
  7 kobolds
  A leopard gecko skeleton (D:4)
  8 rats
96 creatures vanquished.

Notes
Turn   | Place    | Note
-------+----------+-------------------------------------------
     0 | D:1      | Bliebski the Octopode Transmuter began the quest for the
                  | Orb.
     0 | D:1      | Reached XP level 1. HP: 13/13 MP: 3/3
   243 | D:1      | Reached XP level 2. HP: 18/18 MP: 3/5
   280 | D:1      | Reached skill level 1 in Stealth
   584 | D:1      | Reached XP level 3. HP: 11/23 MP: 6/6
  1732 | D:2      | Reached XP level 4. HP: 8/28 MP: 5/7
  3211 | D:3      | Learned a level 3 spell: Confusing Touch
  3385 | D:3      | Reached XP level 5. HP: 33/33 MP: 6/8
  3727 | D:4      | Reached skill level 4 in Unarmed Combat
  4134 | D:4      | Reached skill level 1 in Hexes
  4428 | D:4      | HP: 1/34 [iguana (13)]
  4429 | D:4      | Reached XP level 6. HP: 1/39 MP: 10/10
  4826 | D:4      | Found a basalt altar of Yredelemnul.
  5055 | D:4      | Noticed Eustachio
  5063 | D:4      | Reached skill level 1 in Shields
  5295 | D:5      | Entered Level 5 of the Dungeon
  5517 | D:5      | Learned a level 3 spell: Spider Form
  5867 | D:6      | Reached XP level 7. HP: 43/45 MP: 8/11
  5997 | D:6      | Noticed a steam dragon
  6083 | D:6      | Noticed a yak
  6087 | D:6      | Noticed a yak
  6088 | D:6      | Noticed a yak
  6107 | D:6      | Noticed a yak
  6238 | D:5      | Killed a yak
  6246 | D:5      | Mangled by a yak

Illustrated notes

Levels and vault maps discovered:
D:1:      scummos_arrival_checkerplants, layout_loops_cross,
          minmay_close_crescents
D:2:      layout_basic
D:3:      layout_rooms
D:4:      layout_rooms, lemuel_zombie_altar_yredelemnul, uniq_eustachio
D:5:      layout_rooms
D:6:      kennysheep_steamy, layout_basic, serial_shops,
          nicolae_shop_temple_entry_statues_fountains

Skill      XL: |  1  2  3  4  5  6  7 |
---------------+----------------------+-----
Stealth        | 1 |  1.3
Unarmed Combat | 4 |  4.6
Transmutations | 3 |  3.7
Fighting       | 2 |  2.8
Hexes          | 1 2 |  2.5
Dodging        | 3 |  3.6
Shields        | 1 |  1.8
Spellcasting   | 3 |  3.2

Action                   |  1- 3 |  4- 6 |  7- 9 || total
-------------------------+-------+-------+-------++-------
Melee: Unarmed           |    61 |    39 |    33 ||   133
       Constrict         |    20 |    37 |     1 ||    58
       Kick              |    13 |    26 |       ||    39
       Tentacles         |     8 |    26 |     1 ||    35
       Punch             |     2 |     3 |       ||     5
       Long sword        |    19 |    73 |       ||    92
Throw: Stone             |       |    32 |       ||    32
 Cast: Beastly Appendage |    20 |    36 |     1 ||    57
       Confusing Touch   |       |     3 |     7 ||    10
       Spider Form       |       |     3 |     6 ||     9
  Use: Scroll            |       |     4 |       ||     4
       Potion            |       |       |     1 ||     1
 Stab: Sleeping          |     4 |     4 |       ||     8
       Confused          |       |     1 |     2 ||     3
Armor: Skin              |     7 |     4 |     2 ||    13
Dodge: Dodged            |    59 |    75 |    27 ||   161
       Rpst.: Long sword |     4 |    19 |       ||    23

Table legend: (Time is in decaauts)
 A = Elapsed time spent in this place.
 B = Non-inter-level travel time spent in this place.
 C = Inter-level travel time spent in this place.
 D = Time resting spent in this place.
 E = Time spent auto-exploring this place.
 F = Levels seen in this place.
 G = Mean time per level.
                   A        B        C        D        E       F      G
               +--------+--------+--------+--------+--------+-----+--------+
         Total |   6292 |   6131 |    161 |   1175 |   3954 |   6 | 1048.7 |
       Dungeon |   6292 |   6131 |    161 |   1175 |   3954 |   6 | 1048.7 |
               +--------+--------+--------+--------+--------+-----+--------+

Top non-repeatable levels by time:
     D:3: 1524 daAuts
     D:2: 1459 daAuts
     D:1: 1369 daAuts
     D:4: 990 daAuts
     D:5: 670 daAuts
     D:6: 278 daAuts
